 Dungeon Crawl Stone Soup version 0.18.1-5-g4a78601 (webtiles) character file.

273 Liquid the Slinger (level 6, -12/41 HPs)
             Began as a Halfling Hunter on May 11, 2016.
             Shot with an arrow by a centaur (15 damage)
             ... on level 5 of the Dungeon.
             The game lasted 00:08:11 (3021 turns).

Liquid the Slinger (Halfling Hunter)                Turns: 3021, Time: 00:08:12

Health: -12/41     AC:  3    Str: 12    XL:     6   Next: 48%
Magic:  6/6        EV: 15    Int: 10    God:
Gold:   243        SH:  0    Dex: 17    Spells: 0 memorised, 5 levels left

rFire  . . .     SeeInvis .     a - +1 hunting sling
rCold  . . .     Gourm    .     c - +0 leather armour
rNeg   . . .     Faith    .     (shield restricted)
rPois  .         Spirit   .     (no helmet)
rElec  .         Dismiss  .     (no cloak)
rCorr  .         Reflect  .     (no gloves)
SustAt .         Harm     .     (no boots)
MR     .....                    (no amulet)
Stlth  ++........               (no ring)
                                (no ring)

@: not resistant to hostile enchantments, unstealthy
A: mutation resistance 1
a: no special abilities


You were on level 5 of the Dungeon.
You were very hungry.

You visited 1 branch of the dungeon, and saw 5 of its levels.

You collected 243 gold pieces.

Inventory:

Hand Weapons
 a - a +1 hunting sling (weapon)
 b - a +0 short sword
Missiles
 j - 140 stones (quivered)
Armour
 c - a +0 leather armour (worn)
Scrolls
 e - 3 scrolls of teleportation {unknown}
 h - 2 scrolls of noise {unknown}
 i - 3 scrolls of remove curse {unknown}
 k - 2 scrolls of identify {unknown}
 o - a scroll of immolation {unknown}
 u - a scroll of recharging {unknown}
Potions
 g - 2 potions of curing {unknown}
 m - a potion of agility {unknown}
 p - a potion of flight {unknown}
 q - a potion of berserk rage {unknown}
 r - a potion of haste {unknown}
 s - 2 potions of lignification {unknown}
 t - a potion of cure mutation {unknown}
 v - a potion of degeneration {unknown}
Comestibles
 f - 6 bread rations
 l - 6 fruits
 n - a royal jelly


   Skills:
 + Level 2.6 Fighting
 * Level 9.4 Slings
 + Level 3.1 Dodging
 - Level 1.1 Stealth


You had 5 spell levels left.
You didn't know any spells.

Dungeon Overview and Level Annotations

Branches:
Dungeon (5/15)
 Temple: D:4-7

Altars:
Dithmenos
Fedhas
Trog

Annotations:
D:4 Grinder


Innate Abilities, Weirdness & Mutations

You are small and have problems with some larger weapons.
You are somewhat resistant to further mutation.


Message History

The ball python constricts you.
The centaur unwields an uncursed shortbow.
The centaur hits you.
* * * LOW HITPOINT WARNING * * *
Unknown command.
Your attempt to break free from the ball python fails, but you feel that another attempt might succeed.
The ball python bites you but does no damage.
The ball python constricts you. The centaur hits you.
* * * LOW HITPOINT WARNING * * *
Unknown command.
You escape the ball python's grasp.
The centaur barely misses you. The ball python bites you.
* * * LOW HITPOINT WARNING * * *
The ball python grabs you.
You stop ascending the stairs.
* * * LOW HITPOINT WARNING * * *
The ball python constricts you. The centaur barely misses you.
You escape the ball python's grasp.
The centaur wields an uncursed shortbow.
The centaur shoots an arrow.
The arrow hits you!
You die...

#.........[...
#.
#########.######
#.
#...[..........#
#.
#.#####..#.###.#
#. #.#
#..#...#.# #.
#.# #..###.#.#
#. #.#
#Sc###.#.#
#.#.######.#
#<.....#.#
#...((.....#
#@######.#
...(########
#........# ###(
#.######## ##
###


You could see a centaur and a ball python.

Vanquished Creatures
  A scorpion (D:4)
  A hound (D:3)
  Terence (D:2)
  2 worker ants (D:4)
  3 adders
  2 worms
  A dart slug (D:3)
  7 giant geckos
  7 orcs
  A ball python (D:1)
  A giant cockroach (D:2)
  6 goblins
  9 hobgoblins
  4 jackals (D:2)
  8 kobolds
  A quokka (D:2)
  11 bats
  4 giant newts
  4 rats
74 creatures vanquished.

Notes
Turn   | Place    | Note
--------------------------------------------------------------
     0 | D:1      | Liquid the Halfling Hunter began the quest for the Orb.
     0 | D:1      | Reached XP level 1. HP: 14/14 MP: 1/1
    35 | D:1      | Reached skill level 6 in Slings
    67 | D:1      | Reached XP level 2. HP: 19/19 MP: 2/2
   713 | D:2      | Reached skill level 7 in Slings
   713 | D:2      | Reached XP level 3. HP: 13/24 MP: 3/3
   927 | D:2      | Reached XP level 4. HP: 18/29 MP: 4/4
  1079 | D:2      | Found a bloodstained altar of Trog.
  1154 | D:2      | Reached skill level 8 in Slings
  1269 | D:2      | Noticed Terence
  1279 | D:2      | Killed Terence
  1639 | D:3      | Reached XP level 5. HP: 34/34 MP: 5/5
  1981 | D:3      | Found a shadowy altar of Dithmenos.
  2345 | D:4      | Reached skill level 9 in Slings
  2533 | D:4      | Reached XP level 6. HP: 39/39 MP: 6/6
  2865 | D:4      | Found a blossoming altar of Fedhas.
  2911 | D:4      | Noticed Grinder
  2912 | D:4      | Paralysed by Grinder for 4 turns
  2928 | D:5      | Entered Level 5 of the Dungeon
  3021 | D:5      | Shot with an arrow by a centaur

Skill      XL: |  1  2  3  4  5  6 |
---------------+-------------------+-----
Slings         | 6 7 8 9 |  9.4
Fighting       | 2 |  2.6
Dodging        | 3 |  3.1
Stealth        | |  1.1

Action                   |  1- 3 |  4- 6 || total
-------------------------+-------+-------++-------
Melee: Short sword       |     4 |       ||     4
 Fire: Hunting sling     |    73 |   138 ||   211
  Eat: Chunk             |       |     5 ||     5
Armor: Leather armour    |     2 |     7 ||     9
Dodge: Dodged            |    21 |    28 ||    49
